 Dungeon Crawl Stone Soup version 0.29-a0-553-g81b289dbe5 (webtiles) character file.

Game seed: 5394127906344581331

89 KristoblXynda the Slasher (level 4, 0/38 HPs)
             Began as a Draconian Gladiator on June 6, 2022.
             Slain by Grinder (6 damage)
             ... while paralysed by Grinder
             ... on level 3 of the Dungeon.
             The game lasted 00:01:52 (3285 turns).

KristoblXynda the Slasher (Draconian Gladiator)     Turns: 3285, Time: 00:01:52

Health: 0/38       AC:  5    Str: 18    XL:     4   Next: 31%
Magic:  4/4        EV:  2    Int:  9    God:
Gold:   131        SH:  0    Dex: 12    Spells: 3/3 levels left

rFire   . . .      SeeInvis .   a - +0 long sword
rCold   . . .      Faith    .   (no shield)
rNeg    . . .      Spirit   .   (body armour unavailable)
rPois   .          Reflect  .   b - +0 hat
rElec   .          Harm     .   (no cloak)
rCorr   .          Rampage  .   (no gloves)
Will    .....                   (no boots)
Stlth   +.........              (no amulet)
HPRegen 0.12/turn               (no ring)
MPRegen 0.09/turn               (no ring)

@: paralysed, mighty
A: AC +5, unfitting armour, cold-blooded
a: no special abilities


You were on level 3 of the Dungeon.
You visited 1 branch of the dungeon, and saw 3 of its levels.

You collected 131 gold pieces.

Inventory:

Hand Weapons
 a - a +0 long sword (weapon)
Missiles
 c - a throwing net (quivered)
 d - 5 javelins
Armour
 b - a +0 hat (worn)
 t - a +0 buckler
Scrolls
 e - 8 scrolls of identify {unknown}
 h - 2 scrolls of blinking {unknown}
 i - 3 scrolls of teleportation {unknown}
 k - a scroll of enchant armour {unknown}
 l - a scroll of fear {unknown}
 m - a scroll of poison {unknown}
 p - a scroll of vulnerability {unknown}
 q - a scroll of fog {unknown}
 r - a scroll of amnesia {unknown}
Potions
 f - a potion of cancellation {unknown}
 g - a potion of might
 j - a potion of curing
 n - a potion of degeneration {unknown}
 o - a potion of attraction {unknown}
 s - a potion of berserk rage {unknown}
 u - a potion of lignification {unknown}


   Skills:
 + Level 3.1 Fighting
 * Level 4.1 Long Blades
 - Level 2.0 Throwing
 + Level 3.2 Dodging


You had 3 spell levels left.
You didn't know any spells.
Your spell library was empty.

Dungeon Overview and Level Annotations

Branches:
Dungeon (3/15)

Altars:
Vehumet

Annotations:
D:3 Grinder


Innate Abilities, Weirdness & Mutations

Your plain brown scales are hard. (AC +5)
You cannot fit into any form of body armour.
You are cold-blooded and may be slowed by cold attacks.


Message History

Grinder is caught in the net!
Grinder is lightly wounded.
Grinder gestures at you. Pain shoots through your body!
Grinder struggles against the net.
You hit Grinder.
Grinder is lightly wounded.
You catch the helpless Grinder completely off-guard!
You slash Grinder!
Grinder is moderately wounded.
Grinder gestures at you. Pain shoots through your body!
* * * LOW HITPOINT WARNING * * *
Grinder struggles against the net.
It was a potion of curing.
You feel better.
It was a potion of might.
You feel very mighty all of a sudden.
Grinder struggles against the net.
You barely miss Grinder.
Grinder is moderately wounded.
Grinder gestures at you. Pain shoots through your body!
* * * LOW HITPOINT WARNING * * *
Grinder struggles against the net.
You slash Grinder! You tail-slap Grinder!
Grinder is almost dead.
Grinder blinks!
You start resting.
Grinder is nearby!
Grinder hits you.
* * * LOW HITPOINT WARNING * * *
You writhe in agony.
* * * LOW HITPOINT WARNING * * *
You slash Grinder!
Grinder is almost dead.
Grinder gestures at you.
You suddenly lose the ability to move!
Grinder hits you but does no damage.
Grinder says, "FISH!"
Grinder hits you.
You die...

#..=..#
#.....#
#...#.#
#.....#
#.....#
####.##
######.#######
#......5....(#
#.####@#####.#
#.# #.# #.#
#.# #.# #.#
#.####.#
#......#
#.####..#####
#.......#
######..#


You could see Grinder.

Vanquished Creatures
  3 adders
  2 worms (D:2)
  4 ball pythons
  6 endoplasms
  2 giant cockroaches (D:1)
  6 hobgoblins
  5 jackals (D:1)
  5 kobolds
  6 quokkas
  6 bats
  A frilled lizard (D:2)
  4 rats
50 creatures vanquished.

Notes
Turn   | Place    | Note
-------+----------+-------------------------------------------
     0 | D:1      | KristoblXynda the Draconian Gladiator began the quest for
                  | the Orb.
     0 | D:1      | Reached XP level 1. HP: 17/17 MP: 1/1
   201 | D:1      | Reached XP level 2. HP: 7/25 MP: 2/2
   682 | D:1      | Found a faded altar of an unknown god.
  1115 | D:1      | Found a radiant altar of Vehumet.
  1202 | D:1      | Reached XP level 3. HP: 30/30 MP: 3/3
  2325 | D:2      | Reached skill level 4 in Long Blades
  2325 | D:2      | Reached XP level 4. HP: 36/37 MP: 4/4
  3260 | D:3      | Noticed Grinder
  3260 | D:3      | Paralysed by Grinder for 3 turns
  3283 | D:3      | Paralysed by Grinder for 3 turns
  3285 | D:3      | Slain by Grinder

Illustrated notes

Levels and vault maps discovered:
D:1:      amcnicky_arrival_wind_blow, layout_basic,
          chequers_ecumenical_altar_simple, minmay_hexomino_r4
D:2:      layout_basic
D:3:      layout_loops_ring, grunt_ministairs_4, uniq_grinder

Skill      XL: |  1  2  3  4 |
---------------+-------------+-----
Throwing       | 2 |  2.0
Dodging        | 3 |  3.2
Long Blades    | 4 |  4.1
Fighting       | 3 |  3.1

Action                   |  1- 3 |  4- 6 || total
-------------------------+-------+-------++-------
Melee: Long sword        |   120 |    46 ||   166
       Punch             |     3 |     1 ||     4
       Tailslap          |     7 |     7 ||    14
Throw: Throwing net      |       |     2 ||     2
  Use: Potion            |       |     2 ||     2
 Stab: Sleeping          |     1 |       ||     1
       Held in net/web   |       |     1 ||     1
Armor: Skin              |    50 |    22 ||    72
Dodge: Dodged            |    85 |    22 ||   107

Table legend: (Time is in decaauts)
 A = Elapsed time spent in this place.
 B = Non-inter-level travel time spent in this place.
 C = Inter-level travel time spent in this place.
 D = Time resting spent in this place.
 E = Time spent auto-exploring this place.
 F = Levels seen in this place.
 G = Mean time per level.
                   A        B        C        D        E       F      G
               +--------+--------+--------+--------+--------+-----+--------+
         Total |   3320 |   3122 |    198 |    756 |   1961 |   3 | 1106.7 |
       Dungeon |   3320 |   3122 |    198 |    756 |   1961 |   3 | 1106.7 |
               +--------+--------+--------+--------+--------+-----+--------+

Top non-repeatable levels by time:
     D:1: 1494 daAuts
     D:2: 1464 daAuts
     D:3: 361 daAuts
